 Dungeon Crawl Stone Soup version 0.29.1-15-g9cfb28693d (webtiles) character file.

Game seed: 16251822246075923894

1080 ThatPearl the Stinger (level 8, -5/91 HPs)
             Began as a Demonspawn Venom Mage on Mar 12, 2023.
             Was a Follower of Sif Muna.
             Slain by a wraith (8 damage)
             ... on level 5 of the Dungeon.
             The game lasted 00:20:00 (6481 turns).

ThatPearl the Stinger (Demonspawn Venom Mage)       Turns: 6481, Time: 00:20:01

Health: -5/91      AC: 24    Str:  8    XL:     8   Next: 8%
Magic:  10/15      EV:  2    Int: 19    God:    Sif Muna [*.....]
Gold:   422        SH:  0    Dex: 11    Spells: 9/17 levels left

rFire   . . .      SeeInvis .   k - +3 quarterstaff (chaos)
rCold   . . .      Faith    .   (shield currently unavailable)
rNeg    + + .      Spirit   .   (body armour currently unavailable)
rPois   +          Reflect  .   (helmet currently unavailable)
rElec   .          Harm     .   (cloak currently unavailable)
rCorr   .          Rampage  .   (gloves currently unavailable)
Will    .....      NoTele   +   (boots currently unavailable)
Stlth   +++.......              (no amulet)
HPRegen 0.25/turn               x - +4 ring of evasion
MPRegen 0.14/turn               u - ring of Ufri {Wiz rPois rN++ Dex-3 Stlth+}

@: tree-form, attractive, slowed, very slow
A: stationary, stasis, torment immunity, boosted hp, (slimy green scales 1),
(demonic touch 2)
a: Renounce Religion, Channel Magic


You were on level 5 of the Dungeon.
You worshipped Sif Muna.
Sif Muna was aware of your devotion.
You were a tree.
You visited 1 branch of the dungeon, and saw 5 of its levels.

You collected 422 gold pieces.

Inventory:

Hand Weapons
 k - a +3 quarterstaff of chaos (weapon)
 r - a +1 hand axe of flaming
 w - a +0 spear
Missiles
 h - 20 poisoned darts
Armour
 l - a +0 cloak (melded)
 n - a +2 robe of willpower (melded)
 D - +0 fire dragon scales
Magical Staves
 c - a staff of conjuration
Jewellery
 g - a ring of see invisible
 u - the ring of Ufri (right branch) {Wiz rPois rN++ Dex-3 Stlth+}
   (You found it on level 4 of the Dungeon)

   [ring of wizardry]

   It improves your spell success rate.
   Dex:       It affects your dexterity (-3).
   rPois:     It protects you from poison.
   rN:        It greatly protects you from negative energy.
   Stlth:     It makes you more stealthy.
 x - a +4 ring of evasion (left branch)
 C - a ring of resist corrosion
Wands
 B - a wand of flame (23)
Scrolls
 d - 2 scrolls of identify {unknown}
 i - a scroll of brand weapon {unknown}
 m - a scroll of summoning {unknown}
 o - a scroll of magic mapping {unknown}
 p - a scroll of acquirement {unknown}
 q - a scroll of blinking {unknown}
 s - a scroll of torment {unknown}
 t - a scroll of enchant weapon {unknown}
 v - a scroll of vulnerability {unknown}
 y - a scroll of enchant armour {unknown}
Potions
 b - 4 potions of curing
 e - 2 potions of lignification
 f - a potion of flight
 j - 2 potions of attraction
 z - a potion of heal wounds {unknown}
 A - a potion of magic


   Skills:
 + Level 4.9 Fighting
 - Level 1.7 Dodging
 - Level 1.7 Stealth
 + Level 5.0 Spellcasting
 + Level 0.4 Conjurations
 - Level 0.8 Transmutations
 + Level 5.9 Poison Magic
 + Level 3.6 Invocations


You had 9 spell levels left.
You knew the following spells:

 Your Spells              Type           Power      Damage    Failure   Level
c - Mephitic Cloud        Conj/Pois/Air  12%        N/A       6%          3
r - Olgreb's Toxic Radia  Pois           27%        N/A       4%          4
s - Sting                 Tmut/Pois      68%        1d6       1%          1

Your spell library contained the following spells:

 Spells                   Type           Power      Damage    Failure   Level
 Poisonous Vapours        Pois/Air       32%        N/A       2%          2
 Dazzling Flash           Conj/Hex       10%        N/A       14%         3
 Iskenderun's Mystic Bla  Conj/Tloc      5%         2d3       41%         4
 Starburst                Conj/Fire      2%         6d3       99%         6


Dungeon Overview and Level Annotations

Branches:
Dungeon (5/15)
 Temple: D:4-7

Altars:
Dithmenos
Kikubaaqudgha
Okawaru
Sif Muna
Uskayaw
Xom

Shops:
D:1 [


Innate Abilities, Weirdness & Mutations

You are a tree.
Your roots penetrate the ground, keeping you stationary.
You cannot be teleported.
You are immune to unholy pain and torment.
Your maximum health is greatly increased.
Your equipment is partially melded.
((You are partially covered in slimy green scales. (AC +2)))
((Your touch may inflict irresistible damage on your foes.))


Message History

As you read the scroll labelled CEHAITS ILER, it crumbles to dust.
You hear a loud clanging noise!
It was a scroll of noise.
You feel yourself speed up.
You hear a shout!
The wraith completely misses you. The wraith hits you!
* * * LOW HITPOINT WARNING * * *
The wraith drains your vigour!
You feel yourself slow down.
Casting: Sting (safe; 1% risk of failure)
Confirm with . or Enter, or press ? or * to list all spells.
You don't know that spell.
It was a potion of lignification.
You turn into a tree.
Your +0 cloak melds into your body.
Your +2 robe of willpower melds into your body.
You feel less strong-willed.
Your roots penetrate the ground.
The wraith hits you but does no damage.
Casting: Sting (safe; 1% risk of failure)
Confirm with . or Enter, or press ? or * to list all spells.
Okay, then.
Your +1 hand axe of flaming stops flaming.
Your +3 quarterstaff of chaos is briefly surrounded by a scintillating aura of random colours.
k - a +3 quarterstaff of chaos (weapon)
The wraith hits you but does no damage.
You barely miss the wraith.
The wraith is lightly damaged.
The wraith barely misses you. The wraith hits you but does no damage.
You hit the wraith. You freeze the wraith.
The wraith is moderately damaged.
The wraith hits you!
* * * LOW HITPOINT WARNING * * *
The wraith drains your vigour!
You feel as though you will be slow longer.
The wraith hits you!
* * * LOW HITPOINT WARNING * * *
It was a potion of attraction.
You feel attractive to monsters. The wraith hits you but does no damage.
It was a potion of flight.
Your roots keep you in place.
The wraith hits you but does no damage. The wraith hits you!
You die...

....... #..#.##..# ##.###.##
......... ........# #...##.#
#.......... #.....# ###.###.##
#.#.#.#.#.#.###...######.#.#.#.#.
#.#.#.#.#.#..............#.#.#.#.
..#.#.#.#.#.....<#######.#...#...
..#.#.#.#.#....#########.#####...
..#.#.#.#.#..###..##..##.# #...
.............###♣.##..##.# #...
......#......#(W##..##)#.# #...
....#.#.#.#..#[$##..##.#.#####...
.#..#.#.#†#.##########.#.....#...
.#..#.#.#.#.##....####.#####..###
........#...#.####....## #..#..
.##.##..#.###.# ######### #..#.#
..........###.# #).'....###..#.#
.##.####...##.####..#.88.#....#.#


You could see a wraith.

Vanquished Creatures
  Eustachio (D:5)
  A water moccasin (D:5)
  A phantom (D:5)
  Blork the orc (D:5)
  A scorpion (D:4)
  2 hounds
  Crazy Yiuf (D:2)
  2 orc priests
  Jessica (D:3)
  9 orc wizards
  3 iguanas (D:5)
  3 adders
  3 white imps (D:5)
  A worm (D:2)
  A dart slug (D:2)
  24 orcs
  2 ball pythons
  6 endoplasms
  6 giant cockroaches
  5 goblins
  7 hobgoblins
  10 jackals
  4 quokkas
  A frilled lizard (D:1)
  3 kobolds
  2 rats (D:2)
101 creatures vanquished.

Vanquished Creatures (others)
  3 toadstools (D:3)
3 creatures vanquished.

Grand Total: 104 creatures vanquished

Notes
Turn   | Place    | Note
-------+----------+-------------------------------------------
     0 | D:1      | ThatPearl the Demonspawn Venom Mage began the quest for the
                  | Orb.
     0 | D:1      | Reached XP level 1. HP: 13/13 MP: 3/3
    70 | D:1      | Found Mal Qyi's Antique Armour Boutique.
   485 | D:1      | Gained mutation: You are partially covered in slimy green
                  | scales. (AC +2) [demonic ancestry]
   485 | D:1      | Reached XP level 2. HP: 8/20 MP: 0/5
   721 | D:1      | Found a faded altar of an unknown god.
  1069 | D:1      | Reached skill level 1 in Fighting
  1697 | D:2      | Reached XP level 3. HP: 26/26 MP: 1/6
  2092 | D:2      | Found a runed translucent door.
  2093 | D:2      | Noticed Crazy Yiuf
  2106 | D:2      | Killed Crazy Yiuf
  2107 | D:2      | Gained mutation: Your touch may inflict minor irresistible
                  | damage on your foes. [demonic ancestry]
  2107 | D:2      | Reached XP level 4. HP: 31/33 MP: 3/8
  2900 | D:3      | Noticed Jessica
  2905 | D:3      | Killed Jessica
  3394 | D:3      | Found an iron altar of Okawaru.
  3630 | D:4      | Reached XP level 5. HP: 35/39 MP: 4/9
  3881 | D:4      | Identified the ring of Ufri {Wiz rPois rN++ Dex-3 Stlth+}
  3923 | D:4      | Found a shimmering blue altar of Sif Muna.
  4067 | D:4      | Gained mutation: Your touch may inflict irresistible damage
                  | on your foes. [demonic ancestry]
  4067 | D:4      | Reached XP level 6. HP: 15/47 MP: 0/11
  4801 | D:4      | Became a worshipper of Sif Muna the Loreminder
  4837 | D:5      | Entered Level 5 of the Dungeon
  4912 | D:5      | Reached skill level 5 in Poison Magic
  5115 | D:5      | Learned a level 4 spell: Olgreb's Toxic Radiance
  5119 | D:5      | Learned a level 3 spell: Mephitic Cloud
  5379 | D:5      | Reached XP level 7. HP: 44/54 MP: 10/13
  5430 | D:5      | Reached skill level 1 in Invocations
  5734 | D:5      | Found a hide-covered altar of Uskayaw.
  5734 | D:5      | Found a radiant altar of Vehumet.
  5737 | D:5      | Found a shadowy altar of Dithmenos.
  5737 | D:5      | Found an ancient bone altar of Kikubaaqudgha.
  5737 | D:5      | Found a shimmering altar of Xom.
  5818 | D:5      | Noticed Eustachio
  5825 | D:5      | Killed Eustachio
  5829 | D:5      | Reached * piety under Sif Muna
  6015 | D:5      | Noticed Blork the orc
  6025 | D:5      | Killed Blork the orc
  6034 | D:5      | Reached skill level 5 in Spellcasting
  6034 | D:5      | Reached XP level 8. HP: 54/61 MP: 0/15
  6479 | D:5      | HP: 3/91 [wraith (8)]
  6481 | D:5      | Slain by a wraith

Illustrated notes

Levels and vault maps discovered:
D:1:      scummos_arrival_hexagon, layout_loops_corners,
          shapermc_ecumenical_altar_acropolis, serial_shops,
          nicolae_shop_advertising_works [nicolae_subvault_shop_adworks],
          minmay_misc_feat_roman
D:2:      layout_basic, st_stairs_2, uniq_crazy_yiuf_cottage
D:3:      layout_rooms, mainiacjoe_overflow_brackets, minmay_gold_behind_fungi,
          uniq_jessica
D:4:      layout_cave_pools, kennysheep_orc_sif_temple, serial_column_ruins,
          column_ruins_courtyard_long, column_ruins_square_large,
          column_ruins_open_medium, column_ruins_open_small, column_ruins_grid_1
D:5:      minmay_chambers_of_fours, layout_basic, doesnt_xom_only_xom,
          minmay_misc_feat_rows, kennysheep_cluttered_room,
          grunt_decor_fettered, uniq_eustachio, uniq_blork_the_orc

Skill      XL: |  1  2  3  4  5  6  7 |
---------------+----------------------+-----
Fighting       | 1 2 3 4 |  4.9
Spellcasting   | 3 4 5 |  5.0
Poison Magic   | 4 5 |  5.9
Invocations    | 3 |  3.6
Dodging        | |  1.7
Stealth        | |  1.7
Conjurations   | |  0.4
Transmutations | |  0.8

Action                   |  1- 3 |  4- 6 |  7- 9 || total
-------------------------+-------+-------+-------++-------
Melee: Staff             |    33 |    12 |       ||    45
       Hand axe          |       |    20 |    36 ||    56
       Touch             |       |     8 |     6 ||    14
       Quarterstaff      |       |       |     2 ||     2
       Punch             |       |       |     1 ||     1
 Cast: Sting             |    63 |   131 |    48 ||   242
       Mephitic Cloud    |       |     2 |       ||     2
       Olgreb's Toxic Ra |       |       |     5 ||     5
  Use: Potion            |     1 |     1 |     3 ||     5
       Scroll            |       |       |     1 ||     1
 Stab: Confused          |       |     2 |       ||     2
       Sleeping          |       |       |     1 ||     1
Armor: Robe              |    25 |    48 |    11 ||    84
       Skin              |       |       |     5 ||     5
Dodge: Dodged            |    45 |    67 |    57 ||   169
